 Dungeon Crawl Stone Soup version 0.30-a0-40-gc6d0f036a7 (webtiles) character file.

Game seed: 8653628848542348191

63 MudFish the Poker (level 4, 0/30 HPs)
             Began as a Merfolk Gladiator on Aug 29, 2022.
             Slain by a gnoll
             ... wielding a +0 spear
              (6 damage)
             ... on level 2 of the Dungeon.
             The game lasted 00:02:53 (1787 turns).

MudFish the Poker (Merfolk Gladiator)               Turns: 1787, Time: 00:02:55

Health: 0/30       AC:  5    Str: 14    XL:     4   Next: 10%
Magic:  4/4        EV: 14    Int:  7    God:
Gold:   53         SH:  0    Dex: 17    Spells: 3/3 levels left

rFire   . . .      SeeInvis .    a - +0 trident
rCold   . . .      Faith    .    (no shield)
rNeg    . . .      Spirit   .    b - +0 leather armour
rPois   +          Reflect  .    c - +0 helmet
rElec   .          Harm     .    (no cloak)
rCorr   .          Rampage  .    (no gloves)
Will    .....                    (no boots)
Stlth   +.........               (no amulet)
HPRegen 0.10/turn                p - ring of poison resistance
MPRegen 0.09/turn                (no ring)

@: brilliant, unable to read
A: (nimble swimmer 2), mertail, frail 1, shaggy fur 1, inability to read after
injury 1
a: no special abilities


You were on level 2 of the Dungeon.
You visited 1 branch of the dungeon, and saw 2 of its levels.

You collected 53 gold pieces.

Inventory:

Hand Weapons
 a - a +0 trident (weapon)
 n - a +2 dagger of protection
Missiles
 d - 3 throwing nets (quivered)
 e - a javelin
 q - 4 poisoned darts
Armour
 b - a +0 leather armour (worn)
 c - a +0 helmet (worn)
Jewellery
 p - a ring of poison resistance (left hand)
Scrolls
 f - a scroll of amnesia
 h - a scroll of blinking {unknown}
 j - 3 scrolls of immolation
 m - a scroll of vulnerability
Potions
 i - a potion of cancellation
 o - a potion of attraction {unknown}
 r - a potion of lignification {unknown}


   Skills:
 + Level 2.5 Fighting
 * Level 5.3 Polearms
 - Level 2.0 Throwing
 * Level 5.1 Dodging


You had 3 spell levels left.
You didn't know any spells.
Your spell library contained the following spells:

 Spells                   Type           Power      Damage    Failure   Level
 Beastly Appendage        Tmut           0%         N/A       52%         1
 Wereblood                Tmut           0%         N/A       65%         2
 Spider Form              Tmut/Pois      0%         N/A       87%         3
 Fireball                 Conj/Fire      0%         3d3       100%        5
 Iskenderun's Battlesphe  Conj           0%         2d6       100%        5
 Conjure Ball Lightning   Conj/Air       0%         3x3d6     100%        6
 Orb of Destruction       Conj           0%         9d5       100%        7


Dungeon Overview and Level Annotations

Branches:
Dungeon (2/15)

Altars:
Trog


Innate Abilities, Weirdness & Mutations

((You are very nimble when in or above water. (Stealth+, EV+, Speed+++)))
Your lower body shifts to a powerful aquatic tail in water.
You are frail. (-10% HP)
You are covered in fur. (AC +1)
You occasionally lose the ability to read scrolls when taking damage.


Message History

You are too injured to fight recklessly!
You are too injured to fight recklessly!
You are too injured to fight recklessly!
You are too injured to fight recklessly!
It was a potion of might.
You feel very mighty all of a sudden. The gnoll barely misses you.
It was a potion of cancellation.
Your magical effects are unravelling.
You feel magically purged.
You feel a little less mighty now.
The gnoll hits you from afar with a +0 spear.
* * * LOW HITPOINT WARNING * * *
You are too injured to fight recklessly!
The gnoll hits you with a +0 spear.
* * * LOW HITPOINT WARNING * * *
The gnoll closely misses you.
You closely miss the gnoll.
The gnoll is heavily wounded.
The gnoll closely misses you. x2
You barely miss the gnoll.
The gnoll is heavily wounded.
The gnoll barely misses you. The gnoll barely misses you. The gnoll misses you.
You hit the gnoll.
The gnoll is moderately wounded.
The gnoll hits you with a +0 spear.
* * * LOW HITPOINT WARNING * * *
The gnoll closely misses you.
Unknown command.
It was a potion of brilliance.
You feel clever all of a sudden. The gnoll hits you but does no damage.
The gnoll barely misses you.
It was a potion of mutation.
You feel extremely strange. Fur sprouts all over your body.
You occasionally lose the ability to read scrolls when taking damage.
You feel frail. The gnoll hits you with a +0 spear.
You feel threatened and lose the ability to read scrolls!
You die...

#### #.#. #.. .### #.#. #.#
...# ..#.#.
#####.###.####...###...#
#.............#.....#.#.
....#####.....###...#.#.
#.#### #..#.#...#..#.#.
####.##.####..#.#...###...#
#......#..@g..#.#...#......
#.....###g##..)..###.†.###.
#...<## ##<...#.#.....#..(#
##.....###.##.##.#...###...#
#.......#..##....#..#...#.#.
#...)......#......###...#.#
#..........#..#.....#...#.#.
#..........#..###....###...#
##..........#..# #..)....#.#


You could see 2 gnolls.

Vanquished Creatures
  An adder (D:2)
  A gnoll (D:2)
  2 dart slugs
  4 endoplasms
  2 giant cockroaches
  5 goblins
  4 hobgoblins
  3 kobolds
  4 quokkas
  2 ball pythons (D:2)
  5 bats
  A frilled lizard (D:1)
  A rat (D:1)
35 creatures vanquished.

Notes
Turn   | Place    | Note
-------+----------+-------------------------------------------
     0 | D:1      | MudFish the Merfolk Gladiator began the quest for the Orb.
     0 | D:1      | Reached XP level 1. HP: 16/16 MP: 1/1
   154 | D:1      | Reached XP level 2. HP: 18/22 MP: 2/2
   321 | D:1      | Found a faded altar of an unknown god.
  1149 | D:2      | Reached XP level 3. HP: 25/28 MP: 3/3
  1154 | D:2      | Reached skill level 5 in Dodging
  1379 | D:2      | Reached skill level 5 in Polearms
  1436 | D:2      | Found a bloodstained altar of Trog.
  1769 | D:2      | Reached XP level 4. HP: 33/34 MP: 4/4
  1787 | D:2      | Gained mutation: You are covered in fur. (AC +1) [potion of
                  | mutation]
  1787 | D:2      | Gained mutation: You occasionally lose the ability to read
                  | scrolls when taking damage. [potion of mutation]
  1787 | D:2      | Gained mutation: You are frail. (-10% HP) [potion of
                  | mutation]
  1787 | D:2      | Slain by a gnoll

Illustrated notes

Levels and vault maps discovered:
D:1:      minmay_arrival_open_corners, layout_basic,
          hellmonk_ecumenical_altar_blasted, minivault_26
D:2:      layout_loops_ring, basic_altar, nicolae_titane

Skill      XL: |  1  2  3 |
---------------+----------+-----
Dodging        | 5 |  5.1
Polearms       | 5 |  5.3
Fighting       | |  2.5
Throwing       | |  2.0

Action                   |  1- 3 |  4- 6 || total
-------------------------+-------+-------++-------
Melee: Trident           |   121 |     8 ||   129
       Punch             |     1 |       ||     1
  Use: Scroll            |     3 |       ||     3
       Potion            |       |     4 ||     4
 Stab: Sleeping          |     1 |       ||     1
Armor: Leather armour    |    16 |     1 ||    17
Dodge: Dodged            |    57 |    11 ||    68

Table legend: (Time is in decaauts)
 A = Elapsed time spent in this place.
 B = Non-inter-level travel time spent in this place.
 C = Inter-level travel time spent in this place.
 D = Time resting spent in this place.
 E = Time spent auto-exploring this place.
 F = Levels seen in this place.
 G = Mean time per level.
                   A        B        C        D        E       F      G
               +--------+--------+--------+--------+--------+-----+--------+
         Total |   1795 |   1772 |     23 |      0 |   1460 |   2 |  897.5 |
       Dungeon |   1795 |   1772 |     23 |      0 |   1460 |   2 |  897.5 |
               +--------+--------+--------+--------+--------+-----+--------+

Top non-repeatable levels by time:
     D:1: 1099 daAuts
     D:2: 696 daAuts
